Unix NetHack Version 5.0.0-0 post-release - last build May 23 2026 06:08:33 (1c0ff79ee797540d5714e4e18072db0edd9e58ae,branch:main).

Game began 2026-05-26 22:24:49, ended 2026-05-27 17:47:20.

Eymerich, chaotic male elven Priest

            |   --                -----
           -->.--.-               |...
         ---.......               |..                      ----
         |..........           ----.-                      ...|
           ..........         --....---                   ....
            -..........-    ---.......--     ----         ...
            |...........-- --....)...).-- ----..|        ...
               ...........-|..-----.....- |.....--       ..
                     ......|G-(-- --..|..-  .....--     ...
                        -..^....--------..---..^..------..
    ----                --........|     -............. ..
    |..-----        ------fG......--     ---......-   -.-
    |......----------....@.))).....|       |......----..|
   --.................------......--      ----.^....|..--
   |.#........----------    0.....|       |..|..........|
   --|...................-   .....|       |..)))).......--
     --........-----------   .--.--       ------).[......|
      |..--.|.--             -- --             |..|.------
      ---------                                ------
Eymerich the Adept           St:13 Dx:11 Co:15 In:9 Wi:14 Ch:12  Chaotic
Dlvl:6  $:126 HP:0(49) Pw:104(104) AC:6  Xp:6 T:2210  Satiated

Latest messages:
 The arrow hits the snake.
 In what direction?
 The arrow misses the snake.
 In what direction?
 The arrow misses the snake.
 In what direction?
 The arrow hits the snake.
 In what direction?
 The arrow misses the snake.
 In what direction?
 The arrow misses the snake.
 In what direction?
 The arrow hits the snake.
 In what direction?
 You kill the snake!
 t - a blessed arrow (in quiver) (20 in total).
 The gnome puts on a pair of iron shoes.
 There is a snake corpse here; eat it? [ynq] (n)
 Ecch - that must have been poisonous!
 You stop eating the snake corpse.
 E - a pick-axe (weapon in left hand).
 r - a blessed bow (alternate weapon; not wielded).
 You miss the jaguar.
 The jaguar hits!
 The jaguar hits again!
 The jaguar bites!
 The gnome wields a thonged club!
 The gnome secures the tether on the thonged club.
 You hit the jaguar.
 You hit the jaguar.
 The jaguar hits!
 The jaguar hits again!
 The jaguar misses!
 You hit the jaguar.
 You hit the jaguar.
 The jaguar hits!
 The jaguar hits again!
 The jaguar bites!
 The gnome picks up a dagger.
 The gnome wields a thonged club!
 The gnome secures the tether on the thonged club.
 You hit the jaguar.
 You hit the jaguar.
 The jaguar hits!
 The jaguar hits again!
 The jaguar bites!
 The jaguar hits!
 The jaguar hits again!
 You die...
 Do you want your possessions identified? [ynq] (y)

Inventory:
 Coins    ('$')
  $ - 126 gold pieces
 Weapons  (')')
  t - 20 blessed +1 arrows (in quiver)
  Q - 7 +0 silver arrows
  r - a blessed +3 bow (alternate weapon; not wielded)
  k - 21 +0 darts
  z - a blessed +1 dagger
  T - a blessed +0 dagger
  A - 9 +0 daggers
  j - a +0 aklys
  a - a blessed +1 mace
 Armor    ('[')
  F - a +0 dwarvish iron helm (being worn)
  N - a +0 pair of speed boots (being worn)
  D - a blessed +1 dwarvish cloak (being worn)
  b - a +0 robe
 Comestibles  ('%')
  J - an apple
  e - 2 cloves of garlic
  n - a food ration
  K - a lembas wafer
  f - a sprig of wolfsbane
  s - a tripe ration
 Scrolls  ('?')
  V - a cursed scroll of confuse monster
  Y - a scroll of destroy armor
  w - a cursed scroll of identify
 Potions  ('!')
  p - a blessed potion of extra healing
  H - a potion of hallucination
  W - a potion of healing
  X - 2 cursed potions of healing
  I - a cursed potion of invisibility
  h - a potion of paralysis
  S - a potion of speed
  d - 4 potions of holy water
 Wands    ('/')
  G - a wand of secret door detection (0:11)
 Tools    ('(')
  i - a wooden flute
  m - a lock pick
  Z - a magic whistle
  E - a +0 pick-axe (weapon in left hand)
  o - a tin whistle
 Gems/Stones  ('*')
  u - a worthless piece of black glass named soft
  B - a worthless piece of blue glass named soft
  y - 2 worthless pieces of red glass named soft
  C - 2 worthless pieces of yellow glass

Eymerich the Priest's attributes:

Background:
 You were an Adept, a level 6 elven Priest.
 You were chaotic, nominally on a mission for Kos
 who was opposed by Issek (lawful) and Mog (neutral).
 You were left-handed.
 You were in the Gnomish Mines, on level 6.
 You entered the dungeon 2210 turns ago.
 You had 591 experience points, 49 more were needed to attain level 7.

Basics:
 You had 0 out of 49 hit points.
 You had all 104 energy points (spell power).
 Your armor class was 6.
 Your wallet contained 126 zorkmids.
 Autopickup was off.

Final Characteristics:
 Your strength was 13 (peak:16, limit:18).
 Your dexterity was 11 (limit:18).
 Your constitution was 15 (limit:16).
 Your intelligence was 9 (limit:20).
 Your wisdom was 14 (limit:20).
 Your charisma was 12 (limit:18).

Final Status:
 You were satiated.
 You were unencumbered.
 You were wielding a pick-axe.
 You had no skill with pick-axe.

Final Attributes:
 You were piously aligned.
 Your items were somewhat protected from fire.
 Your items were somewhat protected from cold.
 You were sleep resistant.
 You had infravision.
 You were warded.
 You were very fast.
 You are dead.

Miscellaneous:
 You didn't encounter any bones levels.
 Total elapsed playing time was 44 minutes and 28 seconds.

Major events:
 Turn
    1: Eymerich the chaotic elven Priest entered the dungeon
  186: entered the Gnomish Mines
  198: attained the rank of Acolyte (level 3)
 1515: attained the rank of Adept (level 6)
 2210: killed by a jaguar

Spells:
 Name                 Level Category     Fail Retention
 healing                1   healing        8%  76%-100%
 stone to flesh         3   healing      100%  76%-100%

Skills:
 Fighting Skills
   bare handed combat [Unskilled]
 Weapon Skills
   club               [Unskilled]
   mace               [Skilled]
   morning star       [Unskilled]
   flail              [Unskilled]
   hammer             [Unskilled]
   quarterstaff       [Unskilled]
   polearms           [Unskilled]
   spear              [Unskilled]
   trident            [Unskilled]
   lance              [Unskilled]
   bow                [Unskilled]
   sling              [Unskilled]
   crossbow           [Unskilled]
   dart               [Unskilled]
   shuriken           [Unskilled]
   boomerang          [Unskilled]
   unicorn horn       [Unskilled]
 Spellcasting Skills
   healing spells     [Unskilled]
   divination spells  [Unskilled]
   clerical spells    [Basic]

Voluntary challenges:
 Character rerolling was not enabled.
 You were an atheist.
 You were illiterate.
 You never genocided any monsters.
 You never polymorphed an object.
 You never changed form.
 You used no wishes.
Achievements:
 You entered the Gnomish Mines.
 You attained the rank of Acolyte.
 You entered a shop.
 You attained the rank of Adept.

 The Dungeons of Doom: levels 1 to 3
    Level 1:
       A sink.
    Level 2:
    Level 3: "vault"
       An armor shop.
       Stairs down to The Gnomish Mines.
 The Gnomish Mines: levels 4 to 6
    Level 4:
    Level 5:
    Level 6: <- You were here.
       Final resting place for
          you, killed by a jaguar.


Vanquished creatures:
  a dust vortex
  a snake
  a fog cloud
  a shrieker
  5 gnome leaders
  a gnomish wizard
  a gray ooze
  2 floating eyes
  5 dwarves
  a kobold leader
  2 rothes
  a centipede
  2 giant bats
  3 dwarf zombies
  2 iguanas
 an acid blob
  4 coyotes
  a gas spore
  2 hobbits
  2 hobgoblins
  4 cave spiders
  2 yellow molds
  a green mold
 24 gnomes
 11 garter snakes
  a gnome zombie
  3 jackals
  3 kobolds
  a goblin
  2 sewer rats
  a bat
  a lichen
  3 newts
96 creatures vanquished.

No species were genocided or became extinct.

Game over:
                       ----------
                      /          \
                     /    REST    \
                    /      IN      \
                   /     PEACE      \
                  /                  \
                  |     Eymerich     |
                  |      126 Au      |
                  |   killed by a    |
                  |      jaguar      |
                  |                  |
                  |                  |
                  |       2026       |
                 *|     *  *  *      | *
        _________)/\\_//(\/(/\)/\//\/|_)_______

Goodbye Eymerich the Priest...

You died in The Gnomish Mines on dungeon level 6 with 2738 points,
and 126 pieces of gold, after 2210 moves.
You were level 6 with a maximum of 49 hit points when you died.

